 Dungeon Crawl Stone Soup version 0.30-a0-223-gcb0039aa0c (webtiles) character file.

Game seed: 6871986326802406553

865 billz999 the Chopper (level 8, 0/91 HPs)
             Began as a Human Berserker on Oct 9, 2022.
             Was a Believer of Trog.
             Slain by an orc warrior
             ... wielding a +0 glaive
              (16 damage)
             ... on level 6 of the Dungeon.
             The game lasted 00:06:55 (4866 turns).

billz999 the Chopper (Human Berserker)              Turns: 4866, Time: 00:06:56

Health: 0/91       AC:  9    Str: 20    XL:     8   Next: 23%
Magic:  8/8        EV: 11    Int:  8    God:    Trog [**....]
Gold:   275        SH:  0    Dex: 12    Spells: 7/7 levels left

rFire   . . .      SeeInvis .    u - +0 dagger (elec)
rCold   . . .      Faith    .    (no shield)
rNeg    . . .      Spirit   .    B - +0 scale mail
rPois   .          Reflect  .    x - +0 helmet
rElec   .          Harm     .    (no cloak)
rCorr   .          Rampage  .    (no gloves)
Will    .....                    f - +0 pair of boots
Stlth   ..........               (no amulet)
HPRegen 0.35/turn                (no ring)
MPRegen 0.11/turn                (no ring)

@: berserking (expiring), very quick
A: no striking features
a: Renounce Religion, Berserk, Trog's Hand


You were on level 6 of the Dungeon.
You worshipped Trog.
Trog was pleased with you.
You visited 1 branch of the dungeon, and saw 6 of its levels.

You collected 275 gold pieces.

Inventory:

Hand Weapons
 a - a +0 hand axe
 r - a +2 dagger of venom
 u - a +0 dagger of electrocution (weapon)
Missiles
 c - 63 stones (quivered)
 l - 12 poisoned darts
Armour
 f - a +0 pair of boots (worn)
 x - a +0 helmet (worn)
 B - a +0 scale mail (worn)
Jewellery
 m - a ring of willpower
 s - the ring of the Worm {Wiz rC+ Slay+2 SInv}
   (You found it on level 3 of the Dungeon)

   [ring of wizardry]

   It improves your spell success rate.
   Slay:      It affects your accuracy & damage with ranged weapons and melee
   (+2).
   rC:        It protects you from cold.
   SInv:      It lets you see invisible.
Wands
 q - a wand of digging (1)
Scrolls
 b - a scroll of enchant armour {unknown}
 e - 6 scrolls of identify {unknown}
 g - a scroll of noise {unknown}
 i - a scroll of fear {unknown}
 k - a scroll of butterflies {unknown}
 t - a scroll of enchant weapon {unknown}
 w - 2 scrolls of magic mapping {unknown}
 y - a scroll of brand weapon {unknown}
 z - 3 scrolls of teleportation {unknown}
 A - 2 scrolls of poison {unknown}
Potions
 d - 2 potions of flight {unknown}
 h - a potion of haste {unknown}
 j - 2 potions of heal wounds {unknown}
 n - 2 potions of might {unknown}
 o - 4 potions of curing {unknown}
 p - a potion of attraction {unknown}
 v - 2 potions of degeneration {unknown}
 C - a potion of brilliance {unknown}


   Skills:
 + Level 4.8 Fighting
 * Level 6.3 Axes
 + Level 4.2 Armour
 + Level 4.3 Dodging


You had 7 spell levels left.
You didn't know any spells.
Your spell library was empty.

Dungeon Overview and Level Annotations

Branches:
Dungeon (6/15)
 Temple: D:4-7

Altars:
Kikubaaqudgha
Nemelex Xobeh

Shops:
D:5 *


Message History

The orc warrior hits you from afar with a +0 glaive.
You barely miss the iguana.
The iguana is almost dead.
The orc warrior barely misses you.
The iguana bites you but does no damage.
You hit the iguana but do no damage.
The iguana is almost dead.
The iguana bites you. The orc warrior closely misses you.
The iguana attacks as you move away! The iguana bites you.
A red film seems to cover your vision as you go berserk!
You feel yourself moving faster!
You feel mighty! The iguana bites you.
The orc warrior hits you from afar with a +0 glaive.
You hit the iguana.
You kill the iguana!
Trog accepts your kill. The orc warrior barely misses you.
The orc warrior hits you with a +0 glaive!
You hit the orc warrior.
The orc warrior is lightly wounded.
You hit the orc warrior.
The orc warrior is lightly wounded.
The orc warrior hits you with a +0 glaive!
You hit the orc warrior.
The orc warrior is moderately wounded.
The orc warrior barely misses you.
You closely miss the orc warrior.
The orc warrior is moderately wounded.
You barely miss the orc warrior.
The orc warrior is moderately wounded.
The orc warrior hits you with a +0 glaive!
* * * LOW HITPOINT WARNING * * *
You hit the orc warrior.
The orc warrior is heavily wounded.
The orc warrior barely misses you.
You closely miss the orc warrior.
The orc warrior is heavily wounded.
You barely miss the orc warrior.
The orc warrior is heavily wounded.
The orc warrior hits you with a +0 glaive!
You die...

... ... oo .. #l #.
#.###.#######################
#.....)..ooo@................
#####.#######################
#. #<................. #.
################### #. #. #.
#.


You could see an orc warrior and 2 orcs.

Vanquished Creatures
  2 ice beasts
  2 ogres (D:4)
  A centaur (D:5)
  A phantom (D:4)
  A wight (D:6)
  A hound (D:4)
  A jelly (D:6)
  Jessica (D:3)
  2 iguanas
  An orc wizard (D:6)
  Robin (D:2)
  5 adders
  An ufetubus (D:4)
  3 worms
  A dart slug (D:4)
  3 orcs
  3 ball pythons
  5 bats
  10 endoplasms
  A giant cockroach (D:1)
  10 goblins
  10 hobgoblins
  6 jackals (D:1)
  5 quokkas
  2 frilled lizards
  7 kobolds
  5 rats
91 creatures vanquished.

Notes
Turn   | Place    | Note
-------+----------+-------------------------------------------
     0 | D:1      | billz999 the Human Berserker began the quest for the Orb.
     0 | D:1      | Reached XP level 1. HP: 18/18 MP: 1/1
    97 | D:1      | Found a faded altar of an unknown god.
   133 | D:1      | Reached XP level 2. HP: 24/24 MP: 2/2
   355 | D:1      | Reached XP level 3. HP: 29/29 MP: 3/3
   360 | D:1      | Reached ** piety under Trog
   562 | D:2      | Noticed Robin
   744 | D:2      | Killed Robin
   747 | D:2      | Reached XP level 4. HP: 35/35 MP: 4/4
  1690 | D:3      | Identified the ring of the Worm {Wiz rC+ Slay+2 SInv}
  2177 | D:3      | Reached skill level 4 in Axes
  2253 | D:3      | Noticed Jessica
  2263 | D:3      | Killed Jessica
  2264 | D:3      | Reached XP level 5. HP: 41/41 MP: 5/5
  2709 | D:4      | Noticed a phantom
  2717 | D:4      | Killed a phantom
  2718 | D:4      | Reached XP level 6. HP: 48/48 MP: 6/6
  2748 | D:4      | Noticed an ogre
  2777 | D:4      | Killed an ogre
  2845 | D:4      | Found a sparkling altar of Nemelex Xobeh.
  2854 | D:4      | Found an ancient bone altar of Kikubaaqudgha.
  2888 | D:4      | Reached skill level 5 in Axes
  2893 | D:4      | Noticed an ogre
  2901 | D:4      | Killed an ogre
  2902 | D:4      | Reached XP level 7. HP: 42/54 MP: 7/7
  3446 | D:5      | Entered Level 5 of the Dungeon
  3877 | D:5      | Found Silethri Umats's Assorted Antiques.
  4547 | D:6      | Reached skill level 6 in Axes
  4553 | D:6      | Reached XP level 8. HP: 16/60 MP: 8/8
  4866 | D:6      | Slain by an orc warrior

Illustrated notes

Levels and vault maps discovered:
D:1:      dpeg_arrival_round_c, layout_rooms, shapermc_ecumenical_altar_pompeii
D:2:      layout_loops_ring, uniq_robin
D:3:      layout_basic, uniq_jessica
D:4:      nicolae_cairo_tiling_large, layout_loops_ring,
          mainiacjoe_overflow_swirl, minivault_25, grunt_tough_drop
D:5:      layout_basic, nicolae_take_the_stairs
D:6:      layout_basic, minmay_temple_entry_poolview

Skill      XL: |  1  2  3  4  5  6  7 |
---------------+----------------------+-----
Axes           | 4 5 6 |  6.3
Armour         | 3 4 |  4.2
Dodging        | 3 4 |  4.3
Fighting       | 4 |  4.8

Action                   |  1- 3 |  4- 6 |  7- 9 || total
-------------------------+-------+-------+-------++-------
Melee: Hand axe          |    77 |    52 |       ||   129
       Dagger            |       |    93 |   110 ||   203
       Punch             |       |     1 |       ||     1
Invok: Berserk           |     1 |     8 |     5 ||    14
       Trog's Hand       |       |     1 |     1 ||     2
 Stab: Sleeping          |     1 |     1 |       ||     2
Armor: Animal skin       |    20 |    12 |       ||    32
       Ring mail         |       |    22 |    14 ||    36
       Scale mail        |       |       |    23 ||    23
Dodge: Dodged            |    54 |    85 |    59 ||   198

Table legend: (Time is in decaauts)
 A = Elapsed time spent in this place.
 B = Non-inter-level travel time spent in this place.
 C = Inter-level travel time spent in this place.
 D = Time resting spent in this place.
 E = Time spent auto-exploring this place.
 F = Levels seen in this place.
 G = Mean time per level.
                   A        B        C        D        E       F      G
               +--------+--------+--------+--------+--------+-----+--------+
         Total |   4992 |   4755 |    237 |    848 |   3131 |   6 |  832.0 |
       Dungeon |   4992 |   4755 |    237 |    848 |   3131 |   6 |  832.0 |
               +--------+--------+--------+--------+--------+-----+--------+

Top non-repeatable levels by time:
     D:5: 1257 daAuts
     D:3: 1061 daAuts
     D:2: 964 daAuts
     D:4: 816 daAuts
     D:1: 704 daAuts
     D:6: 187 daAuts
